 Dungeon Crawl Stone Soup version 0.23.2-1-ga50397a (webtiles) character file.

Game seed: 9904284005856704973

1593 IBeShadow the Quickloader (level 9, -1/57 HPs)
             Began as a Kobold Hunter on Apr 27, 2019.
             Was a Believer of Okawaru.
             Slain by Grinder (3 damage)
             ... while paralysed by Grinder
             ... on level 5 of the Dungeon.
             The game lasted 00:35:34 (11384 turns).

IBeShadow the Quickloader (Kobold Hunter)          Turns: 11384, Time: 00:35:35

Health: -1/57      AC:  4    Str: 13    XL:     9   Next: 15%
Magic:  8/10       EV:  3    Int: 12    God:    Okawaru [**....]
Gold:   309        SH:  0    Dex: 15    Spells: 8/8 levels left

rFire    . . .     SeeInvis .   c - +2 dagger (drain)
rCold    + . .     Gourm    .   (shield restricted)
rNeg     . . .     Faith    .   o - +1 leather armour {rC+}
rPois    .         Spirit   .   (no helmet)
rElec    .         Reflect  .   (no cloak)
rCorr    +         Harm     .   (no gloves)
MR       .....                  (no boots)
Stlth    +++.......             (no amulet)
HPRegen  0.19/turn              p - ring of resist corrosion
MPRegen  0.12/turn              r - ring of resist corrosion

@: paralysed, heroism
A: small, carnivore
a: Heroism, Renounce Religion


You were on level 5 of the Dungeon.
You worshipped Okawaru.
Okawaru was pleased with you.
You were completely stuffed.

You visited 2 branches of the dungeon, and saw 7 of its levels.

You collected 309 gold pieces.

Inventory:

Hand Weapons
 a - a +1 hand crossbow
 b - a +0 short sword
 c - a +2 dagger of draining (weapon)
 x - a +1 dagger of venom
 G - a +0 arbalest
Missiles
 d - 27 bolts
 i - 3 tomahawks of returning (quivered)
Armour
 k - a +0 ring mail
 o - a +1 leather armour of cold resistance (worn)
 D - a +0 scale mail
Jewellery
 p - a ring of resist corrosion (left hand)
 r - a ring of resist corrosion (right hand)
 F - a cursed amulet of inaccuracy
 I - an uncursed ring of wizardry
Wands
 y - a wand of polymorph (11)
 J - a wand of disintegration (10)
Scrolls
 g - 3 scrolls of enchant weapon {unknown}
 h - 2 scrolls of identify
 j - a scroll of amnesia {unknown}
 l - a scroll of fog {unknown}
 q - 2 scrolls of magic mapping {unknown}
 s - 2 scrolls of teleportation {unknown}
 t - 2 scrolls of immolation {unknown}
 u - 3 scrolls of remove curse {unknown}
 H - 2 scrolls of fear {unknown}
Potions
 e - a potion of mutation
 m - 2 potions of curing
 v - a potion of agility
 w - a potion of flight {unknown}
 z - a potion of lignification {unknown}
 A - a potion of cancellation {unknown}
 B - a potion of heal wounds {unknown}
 C - a potion of haste {unknown}
 E - 2 potions of might
Comestibles
 f - 16 rations
 n - 2 chunks of flesh


   Skills:
 + Level 7.0(12.0) Fighting
 + Level 7.8(12.8) Short Blades
 + Level 8.9(13.9) Crossbows
 - Level 2.4(7.4) Dodging
 - Level 1.3(6.3) Stealth
 + Level 2.2 Invocations


You had 8 spell levels left.
You didn't know any spells.
Your spell library contained the following spells:

 Spells                   Type           Power        Failure   Level  Hunger
 Confusing Touch          Hex            #.....       38%         1    ##.....
 Confuse                  Hex            #.......     77%         3    ####...
 Gell's Gravitas          Tloc           #.........   77%         3    ####...
 Petrify                  Tmut/Erth      #.......     99%         4    #####..
 Metabolic Englaciation   Hex/Ice        #.........   100%        5    ######.
 Yara's Violent Unravell  Hex/Tmut       #.........   100%        5    ######.


Dungeon Overview and Level Annotations

Branches:
Dungeon (6/15)             Temple (1/1) D:4

Altars:
Ashenzari
Cheibriados
Dithmenos
Elyvilon
Fedhas
Gozag
Hepliaklqana
Kikubaaqudgha
Makhleb
Nemelex Xobeh
Okawaru
Ru
Sif Muna
Trog
Uskayaw
Vehumet
Wu Jian
Xom
Yredelemnul
Zin

Shops:
D:6 %

Annotations:
D:5 Grinder, Ijyb, Sigmund


Innate Abilities, Weirdness & Mutations

You are small and have problems with some larger weapons.
You are carnivorous and can eat meat at any time.


Message History

Grinder is heavily wounded.
Grinder barely misses you.
You hit Grinder.
Grinder is severely wounded.
You closely miss Grinder.
Grinder is severely wounded.
Grinder gestures at you.
You suddenly lose the ability to move!
Grinder hits you!
* * * LOW HITPOINT WARNING * * *
You writhe in agony.
* * * LOW HITPOINT WARNING * * *
Grinder hits you.
* * * LOW HITPOINT WARNING * * *
You writhe in agony.
* * * LOW HITPOINT WARNING * * *
Grinder hits you!
* * * LOW HITPOINT WARNING * * *
You writhe in agony.
You die...

#........# ##........#
#.........####
###........##.###
#....(.....#....####
##......###....#..###
#......[5.#..##>[...##
##............(.(....#
###......###((5@..(...#
##............(.....(..#.
.....##.#.(.##(...........
......####............(.....
.[...<#............$.....##.
............(...###.....(..
#......##.....(## .%..#.....
##....###......# #...#....#
.......#......... ..##.


You could see Grinder and a crimson imp (wandering).

Vanquished Creatures
  Prince Ribbit (D:6)
  A black bear (D:6)
  An orc warrior (D:3)
  A big kobold (D:6)
  A bullfrog (D:6)
  A gnoll sergeant (D:6)
  A scorpion (D:4)
  A howler monkey (D:4)
  A crimson imp (D:6)
  6 orc priests
  4 hounds
  A jelly (D:6)
  3 iguanas
  7 orc wizards
  3 worker ants
  3 gnolls (D:6)
  8 adders
  2 oozes
  An adder skeleton (D:2)
  A worm (D:2)
  2 dart slugs
  A leopard gecko (D:4)
  28 orcs
  3 giant cockroaches
  9 goblins
  6 hobgoblins
  6 jackals
  4 quokkas
  6 bats
  5 frilled lizards
  A jackal skeleton (D:5)
  26 kobolds
  13 rats
158 creatures vanquished.

Notes
Turn   | Place    | Note
-------+----------+-------------------------------------------
     0 | D:1      | IBeShadow the Kobold Hunter began the quest for the Orb.
     0 | D:1      | Reached XP level 1. HP: 12/12 MP: 1/1
   122 | D:1      | Reached skill level 5 in Crossbows
   135 | D:1      | Reached skill level 1 in Short Blades
   135 | D:1      | Reached XP level 2. HP: 13/18 MP: 2/2
   723 | D:1      | Reached XP level 3. HP: 12/22 MP: 3/3
  1965 | D:2      | Reached XP level 4. HP: 25/28 MP: 4/4
  3232 | D:3      | Noticed an orc warrior
  3243 | D:2      | Reached XP level 5. HP: 16/32 MP: 5/5
  4202 | D:3      | Reached skill level 6 in Crossbows
  4892 | D:3      | Reached XP level 6. HP: 38/38 MP: 6/6
  5821 | D:4      | Found a staircase to the Ecumenical Temple.
  5847 | Temple   | Entered the Ecumenical Temple
  5921 | Temple   | Became a worshipper of Warmaster Okawaru
  6181 | D:4      | Reached XP level 7. HP: 40/44 MP: 7/7
  6330 | D:4      | Reached skill level 5 in Short Blades
  6340 | D:4      | Reached skill level 5 in Fighting
  6340 | D:4      | Reached skill level 7 in Crossbows
  7848 | D:5      | Entered Level 5 of the Dungeon
  8150 | D:5      | Noticed Ijyb
  8183 | D:5      | Noticed Grinder
  8615 | D:3      | Reached XP level 8. HP: 50/50 MP: 8/8
  8946 | D:6      | Found a shimmering altar of Xom.
  8951 | D:6      | Found a shadowy altar of Dithmenos.
  8954 | D:6      | Found an ancient bone altar of Kikubaaqudgha.
  8957 | D:6      | Found a radiant altar of Vehumet.
  9037 | D:6      | Reached * piety under Okawaru
  9260 | D:6      | Reached skill level 8 in Crossbows
  9657 | D:6      | Found Jer Lap's Food Shop.
 10473 | D:6      | Reached skill level 1 in Invocations
 10638 | D:6      | Noticed Prince Ribbit
 10648 | D:6      | Killed Prince Ribbit
 10648 | D:6      | Reached ** piety under Okawaru
 10648 | D:6      | Reached XP level 9. HP: 56/56 MP: 6/10
 10969 | D:5      | Noticed Sigmund
 11349 | D:5      | Paralysed by Grinder for 5 turns
 11381 | D:5      | Paralysed by Grinder for 4 turns
 11384 | D:5      | HP: 2/57 [Grinder (8)]
 11384 | D:5      | Slain by Grinder

Skill      XL: |  1  2  3  4  5  6  7  8  9 |
---------------+----------------------------+-----
Crossbows      | 5 6 7 8 |  8.9
Short Blades   | 1 2 3 4 6 7 |  7.8
Fighting       | 3 4 5 6 7 |  7.0
Invocations    | 2 |  2.2
Dodging        | |  2.4
Stealth        | |  1.3

Action                   |  1- 3 |  4- 6 |  7- 9 || total
-------------------------+-------+-------+-------++-------
Melee: Short sword       |    93 |   138 |       ||   231
       Dagger            |       |   109 |   329 ||   438
       Punch             |       |       |     1 ||     1
 Fire: Hand crossbow     |    17 |    40 |    63 ||   120
Invok: Heroism           |       |       |     4 ||     4
  Use: Potion            |       |     1 |       ||     1
       Scroll            |       |     1 |     4 ||     5
 Stab: Sleeping          |     3 |     2 |     2 ||     7
  Eat: Chunk             |    11 |    14 |    16 ||    41
Armor: Leather armour    |    10 |    28 |    53 ||    91
       Ring mail         |     9 |    46 |       ||    55
Dodge: Dodged            |    64 |   219 |   195 ||   478
